 Dungeon Crawl Stone Soup version 0.20-a0-1121-gbb42413 (webtiles) character file.

4314 mopl the Covert (level 10, 0/56 HPs)
             Began as a Deep Elf Assassin on May 10, 2017.
             Slain by an ice beast (8 damage)
             ... on level 8 of the Dungeon.
             The game lasted 00:18:55 (10356 turns).

mopl the Covert (Deep Elf Assassin)                Turns: 10356, Time: 00:18:56

Health: 0/56       AC:  5    Str:  8    XL:     10   Next: 11%
Magic:  25/25      EV: 15    Int: 17    God:
Gold:   277        SH:  0    Dex: 19    Spells: 6/9 levels left

rFire    . . .     SeeInvis .   a - +0 dagger (venom)
rCold    . . .     Gourm    .   (no shield)
rNeg     . . .     Faith    .   C - +0 robe (curse)
rPois    .         Spirit   .   E - +2 hat
rElec    .         Reflect  .   d - +0 cloak
rCorr    .         Harm     .   (no gloves)
MR       +....                  (no boots)
Stlth    ++++++....             (no amulet)
Regen    0.2/turn               Q - ring of magical power
MPRegen  0.2/turn               U - ring of stealth

@: no status effects
A: no striking features
a: no special abilities


You were on level 8 of the Dungeon.
You were not hungry.

You visited 2 branches of the dungeon, and saw 9 of its levels.
You also visited: Ossuary.

You collected 277 gold pieces.

Inventory:

Hand Weapons
 a - a +0 dagger of venom (weapon)
 b - a +0 blowgun
 p - a +1 short sword of protection
 H - a +0 rapier
 M - a +2 short sword of freezing
 R - a +0 dagger of chaos
Missiles
 e - 36 poisoned needles
 f - a curare-tipped needle
 A - 3 tomahawks (quivered)
Armour
 d - a +0 cloak (worn)
 h - the +2 robe of Geruyjit {Slay+4, unknown}
   (You found it on level 7 of the Dungeon)

   It affects your accuracy and damage with ranged weapons and melee attacks
   (+4).
 r - a +0 helmet
 C - a cursed +0 robe (worn)
 E - a +2 hat (worn)
Jewellery
 O - an uncursed ring of fire
 Q - a ring of magical power (left hand)
 U - a ring of stealth (right hand)
Wands
 l - a wand of paralysis (9/24)
 s - a wand of random effects (2/48)
 D - a wand of acid (7/15)
 F - a wand of iceblast (6/15)
 N - a wand of random effects (21/48)
 X - a wand of digging (15/24)
Scrolls
 i - 5 scrolls of blinking {unknown}
 k - 8 scrolls of teleportation
 m - 3 scrolls of remove curse {unknown}
 o - 6 scrolls of fog {unknown}
 t - 3 scrolls of random uselessness {unknown}
 x - 3 scrolls of enchant weapon {unknown}
 y - 5 scrolls of recharging {unknown}
 B - 2 scrolls of immolation {unknown}
 J - 2 scrolls of holy word {unknown}
 L - 2 scrolls of enchant armour {unknown}
 P - a scroll of noise {unknown}
Potions
 c - 2 potions of agility
 j - 2 potions of heal wounds
 n - 5 potions of curing
 q - a potion of mutation {!q}
 v - 3 potions of brilliance {unknown}
 z - 2 potions of magic {unknown}
 G - a potion of flight
 K - a potion of haste
 S - a potion of might
 T - a potion of ambrosia {unknown}
 V - a potion of lignification {!q}
Books
 w - a book of Conjurations

   Spells                             Type                      Level
   a - Magic Dart                     Conjuration                  1
   b - Searing Ray                    Conjuration                  2
   c - Dazzling Spray                 Conjuration/Hexes            3
   d - Fulminant Prism                Conjuration/Hexes            4
   e - Force Lance                    Conjuration/Translocation    4
   f - Iskenderun's Mystic Blast      Conjuration                  4
 I - a book of Changes

   Spells                             Type                      Level
   a - Beastly Appendage              Transmutation                1
   b - Sticks to Snakes               Transmutation                2
   c - Spider Form                    Transmutation/Poison         3
   d - Ice Form                       Ice/Transmutation            4
   e - Blade Hands                    Transmutation                5
Comestibles
 g - 4 bread rations
 u - 5 royal jellies
 W - a chunk of flesh


   Skills:
 + Level 3.8 Fighting
 + Level 6.4 Short Blades
 + Level 6.5 Throwing
 + Level 4.6 Dodging
 * Level 11.7 Stealth
 + Level 6.5 Evocations


You had 6 spell levels left.
You knew the following spells:

 Your Spells              Type           Power        Failure   Level  Hunger
a - Dazzling Spray        Conj/Hex       #.....       56%         3    ####...


Dungeon Overview and Level Annotations

Branches:
Dungeon (8/15)             Temple (1/1) D:6
   Lair: D:8-11

Altars:
Ashenzari
Cheibriados
Dithmenos
Elyvilon
Fedhas
Gozag
Hepliaklqana
Kikubaaqudgha
Makhleb
Nemelex Xobeh
Okawaru
Qazlal
Sif Muna
Trog
Uskayaw
Vehumet
Wu Jian
Xom
Yredelemnul
Zin
The Shining One


Message History

The ice beast is heavily wounded.
Unknown command.
You hit the ice beast but do no damage.
The ice beast is heavily wounded.
The ice beast misses you.
You closely miss the ice beast.
The ice beast is heavily wounded.
The ice beast hits you but does no damage.
You barely miss the ice beast.
The ice beast is heavily wounded.
You hit the ice beast but do no damage.
The ice beast is heavily wounded.
The ice beast hits you. The ice beast freezes you!
* * * LOW HITPOINT WARNING * * *
You hit the ice beast but do no damage.
The ice beast is heavily wounded.
The ice beast hits you.
* * * LOW HITPOINT WARNING * * *
The ice beast freezes you!
You die...

########### #########
#.........# #.......#
#.........# #### #...../.#
#.........# #... #.......#
##..).....#####.#
#.......####........##.....
#.......(Y@................
............####.....####...##
###.........# #.....# #...##
#..#......# ##.########.###
....######## #...# #.....# #
.... #...# #.....### ...
###...# #......(. #.. #.##.##
#........
...########.##.######......


You could see an ice beast.

Vanquished Creatures
  A two-headed ogre (D:8)
  Grinder (D:4)
  Sigmund (D:4)
  Eustachio (D:4)
  Edmund (D:4)
  2 orc warriors (D:7)
  2 ice beasts
  A sky beast (D:4)
  4 ogres
  A phantom (D:8)
  2 centaurs
  A big kobold (D:7)
  2 bullfrogs
  2 scorpions (D:8)
  A wyvern skeleton (D:6)
  A howler monkey (D:6)
  3 bullfrog zombies
  2 crimson imps (D:6)
  A quasit (D:7)
  2 centaur zombies (Ossuary)
  6 hounds
  A jelly (D:6)
  2 centaur skeletons
  5 orc priests
  A bullfrog skeleton (D:7)
  Ijyb (D:4)
  3 iguanas
  2 worker ants (D:4)
  3 orc wizards
  3 killer bee zombies
  15 mummies
  3 hound zombies (Ossuary)
  3 howler monkey zombies
  Robin (D:2)
  6 worker ant zombies
  7 gnolls
  7 adders
  3 adder zombies (Ossuary)
  A worm (D:3)
  4 dart slugs
  5 leopard geckos
  24 orcs
  A giant cockroach (D:2)
  19 goblins
  5 hobgoblins
  12 kobolds
  2 quokkas
  A ball python (D:8)
  6 bats
  5 frilled lizards
  2 jackal zombies
  A leopard gecko zombie (Ossuary)
  A quokka zombie (Ossuary)
  10 rats
203 creatures vanquished.

Vanquished Creatures (others)
  An orc (D:7)
  2 withered plants (Ossuary)
3 creatures vanquished.

Grand Total: 206 creatures vanquished

Notes
Turn   | Place    | Note
-------+----------+-------------------------------------------
     0 | D:1      | mopl the Deep Elf Assassin began the quest for the Orb.
     0 | D:1      | Reached XP level 1. HP: 12/12 MP: 3/3
   139 | D:1      | Reached skill level 5 in Stealth
   157 | D:1      | Reached XP level 2. HP: 5/16 MP: 4/4
   945 | D:2      | Found a radiant altar of Vehumet.
  1029 | D:2      | Found a blossoming altar of Fedhas.
  1036 | D:2      | Reached XP level 3. HP: 14/20 MP: 5/5
  1319 | D:2      | Noticed Robin
  1834 | D:2      | Killed Robin
  1849 | D:2      | Found a faded altar of an unknown god.
  2061 | D:2      | Reached skill level 6 in Stealth
  2061 | D:2      | Reached XP level 4. HP: 11/25 MP: 6/6
  2065 | D:2      | Reached skill level 1 in Evocations
  2317 | D:2      | Reached skill level 3 in Short Blades
  2438 | D:3      | Found a snail-covered altar of Cheibriados.
  2521 | D:3      | Reached XP level 5. HP: 21/29 MP: 7/7
  2642 | D:3      | Reached skill level 3 in Throwing
  2770 | D:4      | Noticed Grinder
  2781 | D:4      | Killed Grinder
  2781 | D:4      | Reached skill level 7 in Stealth
  2781 | D:4      | Reached skill level 2 in Evocations
  2781 | D:4      | Reached XP level 6. HP: 34/34 MP: 7/9
  2820 | D:4      | Noticed Ijyb
  2827 | D:4      | Killed Ijyb
  3157 | D:4      | Noticed a sky beast
  3505 | D:4      | Reached skill level 4 in Short Blades
  3505 | D:4      | Reached XP level 7. HP: 32/38 MP: 11/11
  3547 | D:4      | Noticed Sigmund
  3547 | D:4      | Noticed Edmund
  3605 | D:4      | Killed Edmund
  3605 | D:4      | Reached skill level 4 in Throwing
  3605 | D:4      | Reached skill level 8 in Stealth
  3605 | D:4      | Reached skill level 3 in Evocations
  3797 | D:4      | Killed Sigmund
  3833 | D:4      | Reached skill level 9 in Stealth
  4028 | D:4      | Reached skill level 4 in Evocations
  4028 | D:4      | Reached XP level 8. HP: 43/43 MP: 11/13
  4039 | D:4      | Found a white marble altar of Elyvilon.
  4102 | D:4      | Noticed Eustachio
  4109 | D:4      | Killed Eustachio
  4423 | D:5      | Entered Level 5 of the Dungeon
  4509 | D:5      | Reached skill level 5 in Short Blades
  5291 | D:5      | Reached skill level 5 in Throwing
  5454 | D:5      | Found a bloodstained altar of Trog.
  5512 | D:6      | Reached skill level 10 in Stealth
  5588 | D:6      | HP: 1/44 [wyvern skeleton (13)]
  5979 | D:6      | Reached skill level 2 in Dodging
  5979 | D:6      | Reached skill level 5 in Evocations
  6056 | D:6      | Reached skill level 2 in Fighting
  6231 | D:6      | Found a burning altar of Makhleb.
  6232 | D:6      | Found a shimmering altar of Xom.
  6568 | D:6      | Found a staircase to the Ecumenical Temple.
  6575 | Temple   | Entered the Ecumenical Temple
  6721 | D:6      | Reached XP level 9. HP: 18/48 MP: 14/14
  6928 | D:7      | Found a sparkling altar of Nemelex Xobeh.
  6947 | D:7      | Found a faded altar of an unknown god.
  6947 | D:7      | Found an ancient bone altar of Kikubaaqudgha.
  7028 | D:7      | Found a sand-covered staircase.
  7140 | Ossuary  | Entered an ossuary
  7380 | Ossuary  | Reached skill level 3 in Dodging
  8330 | D:7      | Reached skill level 6 in Throwing
  8331 | D:7      | Reached skill level 11 in Stealth
  8615 | D:7      | Reached skill level 3 in Fighting
  9042 | D:7      | Reached skill level 6 in Short Blades
  9508 | D:7      | Reached skill level 4 in Dodging
  9508 | D:7      | Reached skill level 6 in Evocations
  9655 | D:7      | Found a deep blue altar of Sif Muna.
  9657 | D:7      | Found a hide-covered altar of Uskayaw.
  9658 | D:7      | Found a glowing silver altar of Zin.
  9662 | D:7      | Got a ripped robe
  9767 | D:8      | Noticed a two-headed ogre
  9770 | D:8      | Killed a two-headed ogre
  9770 | D:8      | Reached XP level 10. HP: 56/56 MP: 16/16
 10124 | D:8      | Learned a level 3 spell: Dazzling Spray
 10356 | D:8      | Slain by an ice beast

Vault maps used:
D:1:      lemuel_arrival_tunnels
D:2:      fedhas_altar_1, lemuel_doored_altar, chequers_ecumenical_altar_island,
          uniq_robin
D:3:      cheibriados_altar_1
D:4:      elyvilon_altar_5, uniq_sigmund, uniq_edmund, uniq_ijyb,
          uniq_eustachio, uniq_grinder
D:5:      first_bread, basic_altar
D:6:      grunt_temple_overflow_champion_of_chaos, minmay_temple_entry_hall,
          grunt_tough_drop
D:7:      chequers_temple_overflow_minitemple,
          nemelex_xobeh_ov_fountains_minmay, gup_ossuary_entry_pyramid
D:8:      black_bear_nest_2, uniq_pikel, uniq_gastronok
Temple:   eino_wide_crystal_templ
Ossuary:  ossuary_zaba_flooded

Skill      XL: |  1  2  3  4  5  6  7  8  9 |
---------------+----------------------------+-----
Stealth        | 5 6 7 9 10 11 | 11.7
Evocations     | 1 2 4 5 6 |  6.5
Short Blades   | 3 4 5 6 |  6.4
Throwing       | 3 4 5 6 |  6.5
Dodging        | 2 4 |  4.6
Fighting       | 2 3 |  3.8

Action                   |  1- 3 |  4- 6 |  7- 9 | 10-12 || total
-------------------------+-------+-------+-------+-------++-------
Melee: Dagger            |   153 |   103 |   352 |    65 ||   673
       Short sword       |       |       |   293 |       ||   293
 Fire: Blowgun           |       |       |    72 |       ||    72
Throw: Tomahawk          |       |       |       |     1 ||     1
Evoke: Wand              |     1 |     1 |    40 |       ||    42
  Use: Scroll            |       |     1 |     7 |     1 ||     9
       Potion            |       |       |     3 |       ||     3
 Stab: Sleeping          |     8 |    12 |    11 |     4 ||    35
       Distracted        |       |     1 |     4 |       ||     5
       Paralysed         |       |     1 |     3 |       ||     4
  Eat: Chunk             |     4 |     3 |    13 |     3 ||    23
       Fruit             |       |       |     9 |       ||     9
Armor: Robe              |    34 |    11 |   161 |     8 ||   214
Dodge: Dodged            |    77 |    53 |   330 |    31 ||   491
